Map: Snowbound Colony

Players

Cthulhu

  • Race: Zerg Zerg
  • Spawn Location: 1:00

Throwfordays

  • Race: Protoss Protoss
  • League: Silver
  • Spawn Location: 12:00

Faust

  • Race: Zerg Zerg
  • League: Diamond
  • Spawn Location: 1:00

WinterWolf

  • Race: Zerg Zerg
  • League: Platinum
  • Spawn Location: 7:00

TiME

  • Race: Zerg Zerg
  • League: Diamond
  • Spawn Location: 7:00

ZON

  • Race: Protoss Protoss
  • League: Diamond
  • Spawn Location: 6:00

VOD

Have the link to the VOD?

Description

Time

  • Played on: March 17, 2019, 10:27 p.m.
  • Length: 19:14
Show
View Real Time Build Order
Export as new Build Order

Cthulhu Zerg 

Build Orders: Hatch First, Brood Lord Corruptor 

Get SALT Encoding   

  12  0:01  Drone  
  13  0:09  Drone  
  14  0:23  Extractor, Drone  
  15  0:43  Hatchery  
  15  0:47  Overlord  
  14  0:52  Extractor  
  14  0:53  Drone  
  15  1:06  Drone x2  
  17  1:15  Extractor  
  17  1:18  Spawning Pool  
  15  1:36  Drone x3  
  18  1:51  Drone  
  19  1:58  Drone  
  20  2:08  Drone x2  
  22  2:13  Drone  
  23  2:19  Lair  
  23  2:22  Queen  
  25  2:24  Drone  
  26  2:35  Drone  
  27  2:41  Extractor  
  27  2:43  Zergling x4  
  28  2:50  Overlord  
  28  3:10  Drone x5  
  33  3:28  Queen  
  33  3:31  Queen, Overlord x2, Spire  
  34  4:08  Drone  
  34  4:09  Drone  
  36  4:11  Extractor x2  
  36  4:12  Drone  
  36  4:13  Drone x4  
  39  4:22  Overlord  
  39  4:24  Overlord  
  39  4:47  Mutalisk  
  39  4:48  Mutalisk x3  
  48  5:00  Zergling x18  
  56  5:10  Overseer  
  56  5:22  Zerg Flyer Weapons Level 1  
  51  6:06  Mutalisk x6  
  60  6:36  Overlord x2  
  60  6:37  Zergling x2  
  60  6:38  Zergling x12  
  67  6:43  Metabolic Boost  
  67  7:02  Drone  
  67  7:03  Drone  
  67  7:05  Drone x2  
  61  7:48  Zergling x6  
  61  7:49  Zergling x18  
  47  8:42  Mutalisk  
  47  8:43  Mutalisk x11  
  71  8:51  Zerg Flyer Weapons Level 2  
  71  8:55  Infestation Pit  
  68  8:57  Zergling x2  
  68  8:58  Zergling x2  
  66  10:01  Zergling x2  
  66  10:02  Overlord x2  
  66  10:03  Zergling x2, Overlord x2  
  66  10:04  Zergling x8  
  72  10:07  Hive  
  72  10:13  Hydralisk Den  
  63  11:09  Zergling x14  
  66  11:36  Corruptor x4  
  73  11:40  Greater Spire  
  67  12:07  Corruptor  
  67  12:08  Corruptor x5  
  78  12:20  Overseer  
  78  12:22  Pneumatized Carapace  
  63  12:55  Corruptor x3  
  69  13:07  Brood Lord x5  
  69  13:08  Brood Lord x2  
  69  13:10  Zergling x2  
  84  13:14  Drone x3  
  84  13:16  Hatchery  
  84  13:34  Zergling x4  
  56  15:07  Brood Lord x6  
  66  15:20  Zergling x6  
  32  16:04  Corruptor x3  
  38  16:18  Drone x3  
  39  16:38  Brood Lord x3  
  45  17:12  Zergling x12  
Show
View Real Time Build Order
Export as new Build Order

Throwfordays Protoss 

Build Orders: Nexus First 

Get SALT Encoding   

  1  0:00  Probe  
  12  0:05  Probe  
  14  0:15  Probe  
  15  0:31  Pylon  
  15  0:55  Nexus  
  15  0:59  Probe  
  16  1:11  Probe  
  17  1:14  Forge  
  17  1:27  Gateway  
  17  1:37  Gateway  
  17  1:49  Gateway  
  17  1:58  Photon Cannon  
  17  2:09  Photon Cannon  
  17  2:10  Probe  
  17  2:13  Probe  
  19  2:21  Probe  
  20  2:26  Probe  
  20  2:29  Pylon  
  21  2:30  Probe  
  22  2:38  Probe x2  
  24  2:49  Photon Cannon  
  24  2:54  Photon Cannon  
  24  3:02  Photon Cannon  
  24  3:09  Probe  
  24  3:12  Probe  
  26  3:17  Probe  
  26  3:24  Probe  
  26  3:25  Probe  
  29  3:36  Probe x2  
  29  3:39  Cybernetics Core  
  31  3:45  Photon Cannon  
  31  3:48  Probe  
  31  3:49  Probe  
  31  3:52  Pylon  
  33  3:55  Pylon  
  33  4:00  Probe  
  34  4:03  Pylon  
  34  4:06  Pylon  
  34  4:09  Assimilator  
  34  4:13  Assimilator  
  34  4:20  Assimilator  
  34  4:24  Assimilator  
  34  4:32  Nexus  
  34  4:35  Photon Cannon  
  34  4:38  Photon Cannon  
  34  4:42  Photon Cannon  
  34  4:45  Photon Cannon  
  34  4:48  Probe x2  
  36  4:56  Probe x2  
  36  4:58  Assimilator  
  36  5:03  Assimilator  
  36  5:05  Probe  
  36  5:06  Probe  
  38  5:11  Pylon  
  40  5:16  Pylon  
  40  5:18  Probe  
  40  5:19  Probe  
  40  5:20  Pylon  
  42  5:30  Probe  
  42  5:32  Probe  
  44  5:42  Probe  
  45  5:43  Photon Cannon  
  45  5:44  Probe  
  45  5:45  Photon Cannon  
  45  5:49  Photon Cannon  
  46  5:52  Photon Cannon  
  46  5:53  Probe  
  47  5:59  Warp Gate  
  47  6:00  Photon Cannon, Probe  
  47  6:01  Probe  
  47  6:02  Photon Cannon  
  47  6:03  Probe  
  49  6:11  Probe  
  50  6:12  Probe  
  50  6:15  Probe  
  53  6:23  Probe  
  53  6:24  Probe  
  53  6:25  Nexus  
  55  6:27  Assimilator, Probe  
  55  6:32  Assimilator  
  56  6:35  Probe  
  57  6:47  Stargate, Probe  
  57  6:49  Stargate  
  57  6:50  Stargate  
  57  6:52  Stargate  
  58  6:54  Cybernetics Core  
  58  6:57  Protoss Shields Level 1  
  58  6:59  Pylon, Probe  
  59  7:09  Probe  
  59  7:11  Probe  
  59  7:14  Probe  
  62  7:21  Probe  
  63  7:23  Probe  
  63  7:25  Twilight Council  
  63  7:26  Probe  
  65  7:33  Probe  
  65  7:36  Void Ray x2  
  74  7:38  Probe  
  74  7:41  Void Ray  
  79  7:45  Probe  
  79  7:46  Void Ray  
  79  7:50  Probe  
  85  7:53  Probe  
  85  7:55  Probe  
  86  8:00  Protoss Air Weapons Level 1  
  86  8:02  Probe  
  86  8:03  Probe x2  
  88  8:12  Protoss Air Armor Level 1  
  90  8:13  Probe  
  90  8:15  Probe  
  92  8:21  Fleet Beacon  
  92  8:25  Probe  
  93  8:28  Probe  
  93  8:30  Void Ray x2  
  93  8:32  Void Ray  
  106  8:37  Void Ray, Probe  
  111  9:11  Protoss Shields Level 2  
  111  9:13  Void Ray x2  
  111  9:15  Void Ray  
  123  9:20  Void Ray  
  127  9:53  Protoss Air Weapons Level 2  
  127  9:56  Void Ray x2  
  127  9:58  Void Ray  
  139  10:40  Pylon  
  139  10:41  Pylon  
  139  10:44  Pylon  
  139  10:45  Pylon x2  
  139  10:48  Pylon  
  139  10:49  Protoss Air Armor Level 2  
  139  10:51  Pylon  
  139  10:53  Pylon  
  139  10:58  Void Ray x2  
  139  10:59  Void Ray x2  
  139  11:02  Pylon  
  139  11:04  Pylon  
  155  11:07  Pylon  
  155  11:09  Photon Cannon x2  
  154  11:40  Void Ray x2  
  154  11:42  Void Ray x2  
  158  12:10  Pylon  
  158  12:12  Pylon  
  158  12:14  Pylon  
  126  13:17  Void Ray x2  
  126  13:18  Void Ray x2  
  118  13:23  Protoss Air Armor Level 3  
  110  13:30  Pylon  
  110  13:31  Gateway  
  110  13:33  Gateway  
  110  13:34  Gateway  
  110  13:40  Forge  
  110  13:42  Forge  
  110  13:47  Shield Battery  
  110  13:48  Shield Battery  
  110  13:49  Shield Battery  
  110  13:50  Shield Battery  
  110  13:53  Shield Battery  
  110  13:57  Shield Battery  
  110  14:00  Void Ray x4  
  126  14:05  Nexus  
  126  14:08  Assimilator  
  126  14:12  Assimilator  
  107  14:43  Void Ray x4  
  117  15:16  Forge  
  117  15:18  Forge  
  117  15:21  Gateway  
  117  15:26  Void Ray x4  
  133  15:29  Probe  
  134  15:41  Probe  
  135  15:43  Protoss Shields Level 3  
  135  15:45  Probe  
  136  15:53  Probe  
  137  15:57  Probe  
  137  16:05  Probe  
  137  16:09  Probe  
  134  16:17  Probe  
  135  16:21  Probe  
  133  16:28  Protoss Air Weapons Level 3  
  133  16:31  Void Ray  
  133  16:32  Void Ray x3  
  141  16:33  Probe  
  150  16:42  Probe  
  150  16:46  Probe  
  152  16:54  Probe  
  153  17:06  Probe  
  146  17:14  Void Ray  
  146  17:15  Void Ray x3  
  130  17:57  Void Ray  
  130  17:58  Void Ray x3  
Show
View Real Time Build Order
Export as new Build Order

Faust Zerg 

Build Orders: Hatch First 

Get SALT Encoding   

  12  0:01  Drone  
  13  0:08  Drone  
  14  0:16  Extractor, Drone  
  15  0:23  Overlord  
  15  0:42  Drone x2  
  17  0:55  Hatchery  
  17  0:57  Drone  
  17  1:02  Extractor, Drone  
  17  1:18  Spawning Pool  
  16  1:20  Drone  
  16  1:25  Drone  
  18  1:35  Drone  
  19  1:40  Overlord  
  19  2:05  Queen  
  19  2:07  Queen  
  23  2:09  Metabolic Boost  
  23  2:11  Zergling x4  
  23  2:12  Zergling x2  
  26  2:17  Zergling x2  
  26  2:18  Zergling x2  
  28  2:26  Zergling x2  
  29  2:30  Baneling Nest  
  29  2:31  Drone  
  29  2:35  Drone  
  30  2:52  Drone x2, Overlord  
  32  3:04  Drone  
  32  3:05  Drone  
  34  3:06  Drone  
  35  3:16  Baneling x2  
  35  3:21  Zergling x6  
  35  3:23  Overlord x2  
  35  3:26  Drone  
  33  3:57  Drone x5  
  33  3:58  Zergling x14  
  45  4:05  Lair  
  45  4:09  Drone  
  46  4:24  Baneling x4  
  46  4:26  Drone x3  
  46  4:30  Overlord  
  49  4:37  Hatchery  
  45  5:05  Drone, Hydralisk Den  
  45  5:06  Extractor, Drone x2  
  41  5:07  Queen  
  41  5:11  Spore Crawler  
  41  5:13  Spore Crawler  
  40  5:14  Queen  
  40  5:15  Spore Crawler, Drone x4  
  44  5:24  Drone  
  44  5:25  Drone  
  46  5:36  Zergling x8  
  46  5:37  Zergling x2  
  49  5:51  Zergling x8  
  49  5:55  Baneling x3  
  51  6:07  Zergling x8  
  51  6:08  Drone x2  
  51  6:10  Extractor  
  56  6:12  Extractor  
  55  6:21  Drone x3  
  55  6:22  Queen, Drone x5  
  55  6:23  Overlord  
  65  6:27  Baneling  
  65  6:28  Baneling x3  
  65  6:36  Drone x3  
  65  6:39  Overlord x3  
  68  6:43  Drone  
  69  6:51  Spire  
  69  6:52  Drone x3  
  69  6:53  Hatchery  
  70  6:56  Spine Crawler  
  69  7:11  Drone x9  
  67  7:34  Hydralisk  
  67  7:35  Hydralisk x7  
  81  7:40  Overseer  
  81  7:44  Hydralisk  
  81  7:47  Overlord x2  
  81  7:50  Extractor x2, Drone x3  
  81  7:51  Drone x2  
  86  7:57  Drone, Overlord  
  86  7:58  Overlord x2  
  87  8:03  Muscular Augments  
  87  8:04  Evolution Chamber  
  86  8:05  Evolution Chamber  
  86  8:12  Drone x3  
  88  8:16  Drone  
  89  8:22  Drone  
  89  8:23  Drone x6  
  89  8:26  Drone x3  
  99  8:33  Nydus Network  
  98  8:38  Hydralisk  
  98  8:39  Hydralisk x4  
  90  8:42  Zergling x2  
  90  8:43  Zergling x8  
  85  9:00  Zergling x2  
  85  9:01  Hydralisk  
  85  9:02  Hydralisk x6  
  97  9:13  Hydralisk  
  97  9:14  Hydralisk x3  
  97  9:15  Grooved Spines  
  101  9:20  Hydralisk x2  
  87  9:42  Hatchery  
  81  9:54  Drone  
  81  9:55  Drone x10  
  81  9:56  Drone  
  81  9:59  Overseer  
  93  10:01  Zergling x2  
  94  10:07  Drone  
  95  10:18  Drone x3  
  95  10:19  Overlord  
  98  10:25  Infestation Pit  
  77  10:52  Hydralisk x4  
  77  10:53  Hydralisk x6  
  93  10:58  Zerg Missile Weapons Level 1  
  93  11:03  Zerg Ground Armor Level 1  
  93  11:04  Hive  
  93  11:07  Drone  
  94  11:17  Extractor, Hatchery  
  92  11:20  Extractor, Drone x2  
  92  11:22  Hatchery  
  92  11:23  Spine Crawler  
  92  11:25  Extractor  
  90  11:26  Spore Crawler, Hydralisk x4  
  90  11:27  Extractor  
  90  11:28  Overlord  
  96  11:36  Centrifical Hooks  
  96  11:37  Lurker Den  
  95  11:48  Drone  
  95  11:50  Drone x3  
  95  11:51  Drone x3  
  95  11:52  Drone x3  
  95  11:53  Drone x2  
  107  11:58  Drone  
  93  12:15  Hydralisk  
  93  12:16  Hydralisk x6  
  105  12:30  Hydralisk  
  105  12:31  Hydralisk x4  
  114  12:39  Hydralisk  
  114  12:40  Hydralisk x2  
  117  12:46  Hydralisk x2  
  101  13:08  Hydralisk  
  101  13:09  Hydralisk x6  
  101  13:10  Zergling x2  
  101  13:11  Zergling x4  
  108  13:27  Hatchery  
  97  13:42  Zergling x14  
  97  13:43  Zergling x10  
  99  14:11  Hydralisk  
  99  14:12  Hydralisk x6  
  113  14:29  Hydralisk x4  
  117  14:57  Hydralisk  
  117  14:58  Hydralisk x8  
  106  15:07  Baneling x4  
  106  15:08  Baneling x5  
  106  15:13  Lurker  
  106  15:14  Lurker x6  
  98  15:15  Lurker x2  
  24  17:10  Drone  
  24  17:11  Drone x5  
  27  17:40  Hatchery  
  17  18:15  Hydralisk  
  17  18:16  Adaptive Talons, Hydralisk x2  
  16  18:25  Hatchery  
  12  18:27  Hatchery  
  9  19:04  Lurker  
  9  19:05  Lurker  
Show
View Real Time Build Order
Export as new Build Order

WinterWolf Zerg 

Build Orders: Hatch First, Swarm Host 

Get SALT Encoding   

  12  0:01  Drone  
  13  0:10  Drone  
  14  0:18  Overlord  
  14  0:37  Drone x3  
  17  0:51  Drone  
  18  1:00  Drone  
  18  1:02  Hatchery  
  18  1:14  Spawning Pool  
  18  1:17  Extractor, Drone  
  17  1:22  Drone  
  18  1:32  Drone  
  19  1:43  Drone  
  20  1:52  Drone  
  21  2:04  Overlord  
  21  2:10  Queen, Extractor  
  22  2:17  Drone x2  
  24  2:25  Queen  
  24  2:29  Overlord  
  26  2:34  Drone  
  27  2:40  Evolution Chamber  
  27  2:41  Drone x2  
  28  2:49  Lair  
  28  2:51  Metabolic Boost  
  28  2:53  Zergling x4  
  28  2:56  Drone  
  31  2:59  Drone  
  32  3:06  Queen  
  34  3:12  Zerg Missile Weapons Level 1  
  34  3:25  Zergling x4  
  34  3:26  Spine Crawler  
  35  3:29  Drone  
  35  3:30  Drone  
  37  3:38  Drone x3  
  37  3:39  Zergling x2  
  41  3:56  Drone x2  
  41  3:57  Drone  
  41  4:01  Overlord  
  44  4:07  Extractor  
  44  4:08  Drone, Overlord  
  44  4:23  Pneumatized Carapace  
  44  4:27  Hydralisk Den  
  44  4:30  Infestation Pit  
  42  4:31  Extractor, Drone x2  
  42  4:32  Drone x3  
  46  4:44  Zergling x6  
  49  4:51  Hatchery  
  47  5:17  Overlord  
  47  5:20  Grooved Spines  
  47  5:22  Swarm Host x2  
  47  5:24  Drone  
  47  5:25  Drone x2  
  47  5:28  Drone  
  53  5:58  Hydralisk x2  
  53  5:59  Hydralisk x6  
  68  6:06  Zerg Missile Weapons Level 2  
  68  6:13  Burrow  
  68  6:14  Drone x3  
  68  6:15  Drone  
  72  6:19  Queen  
  73  6:32  Spore Crawler  
  71  6:33  Spore Crawler x2, Overlord x3  
  69  6:47  Overlord x2  
  69  6:53  Drone x3  
  69  6:54  Drone x4  
  76  7:07  Swarm Host x2  
  76  7:08  Swarm Host  
  85  7:45  Drone x5  
  85  7:46  Drone x7  
  97  7:57  Drone x3  
  100  7:59  Extractor, Drone  
  100  8:00  Extractor, Drone x2  
  100  8:01  Drone  
  100  8:02  Overlord x2  
  100  8:03  Overlord x2  
  102  8:13  Swarm Host  
  102  8:15  Evolution Chamber, Overlord x3  
  104  8:42  Swarm Host x3  
  104  8:43  Swarm Host x5  
  104  8:47  Zerg Ground Armor Level 1  
  131  8:49  Hive  
  131  8:50  Swarm Host x2  
  131  8:51  Swarm Host x3  
  146  9:06  Nydus Network  
  141  9:21  Spore Crawler, Drone x5  
  141  9:22  Drone  
  146  9:32  Hydralisk  
  146  9:33  Hydralisk x3  
  146  9:34  Hydralisk  
  156  9:51  Hydralisk x3  
  162  9:53  Overlord x2  
  162  9:54  Overlord x3  
  162  10:14  Hydralisk x3  
  162  10:15  Hydralisk x3  
  174  10:30  Hydralisk  
  174  10:31  Hydralisk x5  
  186  11:04  Nydus Network  
  161  11:57  Hatchery  
  160  12:05  Spore Crawler  
  160  12:07  Spore Crawler  
  158  12:08  Spore Crawler  
  157  12:16  Spore Crawler  
  149  13:00  Swarm Host x6  
  149  13:01  Swarm Host x4  
  149  13:05  Queen  
  181  13:21  Nydus Canal  
  181  14:17  Nydus Canal  
  181  14:19  Nydus Canal  
  181  14:31  Nydus Canal  
  181  14:33  Nydus Canal  
  181  14:44  Nydus Canal  
  181  15:09  Hydralisk  
  181  15:10  Hydralisk  
  185  15:29  Drone  
  185  15:32  Overlord  
  185  15:33  Overlord x6  
  185  15:34  Overlord  
  186  15:40  Nydus Canal  
  183  15:59  Hydralisk  
  183  16:00  Hydralisk x7  
  197  16:39  Overseer x2  
  161  17:34  Nydus Canal  
  161  17:35  Hydralisk  
  161  17:36  Hydralisk x5  
  155  18:29  Swarm Host x6  
Show
View Real Time Build Order
Export as new Build Order

TiME Zerg 

Build Orders: Hatch First 

Get SALT Encoding   

  12  0:01  Drone  
  13  0:12  Overlord  
  13  0:22  Drone  
  14  0:31  Drone x2  
  14  0:35  Drone  
  17  1:01  Hatchery  
  16  1:05  Drone  
  16  1:06  Drone  
  16  1:07  Drone  
  19  1:19  Extractor  
  19  1:22  Spawning Pool  
  17  1:28  Overlord  
  18  1:32  Drone  
  18  1:44  Drone  
  19  1:52  Drone  
  20  2:18  Drone x3  
  20  2:19  Queen  
  20  2:21  Hatchery  
  24  2:27  Hatchery  
  24  2:44  Queen  
  24  2:45  Drone x3  
  24  2:47  Zergling x2  
  24  2:49  Zergling x2  
  31  3:08  Metabolic Boost  
  31  3:09  Zergling x4  
  31  3:11  Zergling x6  
  36  3:16  Spine Crawler  
  36  3:20  Zergling x2  
  36  3:30  Overlord  
  36  3:48  Queen  
  37  3:52  Zergling x2  
  37  3:53  Zergling x6  
  35  3:57  Drone x5, Evolution Chamber  
  39  4:10  Drone x2  
  39  4:12  Baneling Nest  
  40  4:19  Drone x2  
  40  4:23  Queen  
  44  4:25  Zerg Ground Armor Level 1  
  44  4:30  Overlord x2  
  43  4:50  Zergling x6  
  46  4:53  Drone x2  
  46  4:54  Drone  
  46  4:55  Baneling x2  
  46  4:56  Baneling x2  
  47  5:10  Zergling x10  
  47  5:11  Zergling x2  
  52  5:20  Drone x4  
  56  5:23  Lair  
  56  5:27  Extractor  
  55  5:33  Hatchery, Overlord  
  54  5:42  Spore Crawler  
  53  5:45  Extractor  
  53  5:47  Drone  
  53  5:48  Extractor, Drone x5  
  57  5:57  Drone x3  
  60  6:07  Baneling  
  60  6:22  Spore Crawler, Drone x2  
  60  6:23  Drone x5  
  60  6:25  Spore Crawler  
  64  6:31  Hydralisk Den  
  63  6:33  Zergling x4  
  63  6:34  Overlord  
  63  6:38  Zerg Ground Armor Level 2  
  65  6:40  Baneling  
  65  6:41  Baneling  
  65  6:44  Pneumatized Carapace  
  65  6:47  Drone x2  
  67  6:57  Centrifical Hooks  
  67  6:59  Queen  
  69  7:19  Zergling x8  
  69  7:20  Hydralisk x4  
  80  7:28  Hydralisk  
  79  7:37  Hydralisk  
  79  7:38  Hydralisk  
  81  7:44  Spore Crawler  
  81  7:48  Drone x2  
  82  7:51  Overlord x2  
  82  7:58  Overlord x3  
  82  8:00  Overlord  
  82  8:09  Overlord x2  
  82  8:12  Grooved Spines  
  82  8:16  Spore Crawler  
  82  8:19  Spore Crawler  
  80  8:23  Spore Crawler  
  71  8:50  Hydralisk x5  
  71  8:52  Hydralisk x2  
  77  8:58  Drone x3  
  75  9:03  Drone x3  
  74  9:11  Spore Crawler  
  73  9:17  Hydralisk x2  
  73  9:23  Hydralisk  
  73  9:24  Muscular Augments  
  79  9:29  Hydralisk x2  
  83  9:37  Zerg Missile Weapons Level 1, Hydralisk  
  85  9:44  Extractor, Drone x4  
  88  9:46  Extractor  
  87  9:56  Hydralisk  
  87  9:57  Hydralisk x2  
  87  9:58  Infestation Pit  
  92  10:10  Drone x7  
  99  10:14  Hydralisk  
  101  10:24  Overlord x2  
  101  10:35  Hydralisk x2  
  101  10:36  Hydralisk x2  
  109  10:43  Infestor x2  
  109  10:49  Hydralisk  
  113  10:50  Hydralisk  
  117  10:58  Hydralisk x2  
  121  11:15  Hydralisk x5  
  131  11:33  Hydralisk  
  131  11:34  Hydralisk x3  
  139  11:50  Hydralisk x3  
  145  11:54  Hatchery  
  144  12:05  Hydralisk  
  146  12:12  Zerg Missile Weapons Level 2  
  132  12:55  Overlord x3  
  132  12:57  Hatchery  
  105  13:27  Hatchery  
  102  13:34  Hydralisk  
  102  13:35  Hydralisk x7  
  102  13:39  Hatchery  
  117  14:05  Hydralisk x3  
  117  14:06  Hydralisk x2  
  109  14:57  Hydralisk x6  
  109  14:58  Hydralisk x2  
  109  14:59  Queen  
  99  15:00  Queen  
  99  15:03  Queen  
  73  15:28  Lair  
  73  15:31  Drone x7  
  73  15:32  Drone  
  73  15:35  Queen  
  83  15:36  Overlord  
  83  15:39  Queen  
  85  15:48  Drone x2  
  85  15:49  Drone x3  
  84  16:16  Extractor  
  84  16:18  Extractor  
  82  16:40  Hydralisk x4  
  82  16:43  Hydralisk x4  
  82  16:44  Hydralisk x5  
  108  16:50  Hydralisk x3  
  114  16:58  Hydralisk x2  
  114  16:59  Hydralisk x4  
  126  17:22  Spire  
  125  17:25  Drone x8  
  125  17:26  Drone  
  134  17:30  Spore Crawler  
  134  17:31  Spore Crawler  
  134  17:32  Drone  
  134  17:33  Drone x6  
  139  17:37  Overlord  
  139  17:45  Overlord x2  
  135  18:43  Hydralisk x2  
  135  18:44  Hydralisk x5  
  135  18:45  Hydralisk x2  
Show
View Real Time Build Order
Export as new Build Order

ZON Protoss 

Build Orders: 1 Gate Expand 

Get SALT Encoding   

  12  0:01  Probe  
  13  0:13  Probe  
  14  0:21  Pylon  
  14  0:25  Probe  
  15  0:39  Probe  
  16  0:43  Gateway  
  16  0:51  Probe  
  16  0:56  Assimilator  
  17  1:03  Probe  
  18  1:15  Probe  
  19  1:27  Probe  
  19  1:32  Cybernetics Core  
  20  1:39  Probe  
  21  1:40  Nexus  
  21  1:48  Pylon  
  21  1:52  Probe  
  22  1:59  Assimilator, Warp Gate  
  22  2:06  Probe  
  22  2:14  Probe  
  23  2:17  Robotics Facility  
  24  2:24  Probe  
  25  2:30  Stalker  
  25  2:34  Probe  
  28  2:42  Probe  
  28  2:45  Pylon  
  28  2:48  Probe  
  28  2:50  Probe  
  29  2:56  Probe  
  31  3:01  Immortal  
  31  3:03  Probe  
  33  3:06  Probe  
  38  3:15  Probe  
  39  3:24  Probe  
  40  3:29  Pylon  
  40  3:30  Gateway, Probe  
  40  3:33  Immortal  
  41  3:36  Probe  
  42  3:46  Pylon  
  46  3:55  Probe  
  47  3:56  Probe  
  48  4:05  Gateway  
  48  4:06  Assimilator  
  48  4:08  Probe  
  49  4:10  Warp Prism  
  49  4:11  Probe  
  49  4:15  Assimilator  
  52  4:20  Probe  
  52  4:21  Pylon  
  52  4:23  Probe  
  54  4:32  Probe  
  54  4:36  Probe  
  54  4:37  Zealot x2  
  58  4:44  Probe  
  59  4:53  Gateway  
  59  5:02  Probe  
  59  5:04  Probe  
  59  5:06  Zealot x3  
  66  5:07  Immortal  
  66  5:11  Probe  
  66  5:12  Probe  
  66  5:13  Gateway  
  71  5:19  Probe  
  74  5:31  Probe  
  74  5:32  Nexus  
  73  5:43  Probe  
  73  5:44  Stalker  
  73  5:45  Stalker  
  73  5:49  Pylon  
  78  5:52  Twilight Council  
  78  5:54  Gateway  
  70  5:58  Probe  
  70  6:00  Observer  
  70  6:02  Stalker  
  70  6:03  Stalker  
  76  6:08  Probe  
  76  6:10  Pylon, Probe  
  78  6:13  Stalker  
  78  6:14  Pylon  
  80  6:22  Blink, Probe  
  80  6:23  Probe  
  82  6:31  Forge  
  82  6:36  Stalker  
  82  6:37  Stalker x3  
  90  6:40  Probe  
  90  6:44  Observer  
  92  6:48  Probe  
  92  6:53  Probe  
  93  6:55  Pylon  
  93  6:56  Probe  
  93  6:57  Assimilator  
  95  7:01  Probe  
  95  7:04  Assimilator  
  95  7:06  Probe  
  96  7:08  Photon Cannon  
  96  7:11  Photon Cannon  
  96  7:12  Protoss Ground Weapons Level 1  
  96  7:14  Photon Cannon  
  97  7:17  Stalker x2  
  97  7:18  Stalker  
  93  7:34  Probe  
  93  7:36  Probe  
  95  7:43  Photon Cannon  
  95  7:47  Photon Cannon, Probe  
  95  7:49  Observer  
  97  7:52  Pylon  
  97  7:54  Stalker x2  
  97  7:55  Nexus, Stalker  
  103  7:59  Probe x2  
  105  8:07  Probe  
  105  8:12  Probe  
  107  8:24  Probe  
  107  8:27  Gateway  
  108  8:28  Gateway  
  108  8:30  Gateway  
  108  8:31  Gateway  
  108  8:35  Stalker x4  
  116  8:50  Probe  
  117  8:57  Pylon  
  117  9:13  Probe  
  117  9:14  Probe  
  117  9:15  Probe x2  
  117  9:16  Pylon  
  121  9:20  Pylon  
  121  9:22  Pylon  
  121  9:23  Stalker x2  
  121  9:24  Stalker x2  
  129  9:25  Probe  
  129  9:26  Probe  
  129  9:27  Probe  
  129  9:37  Observer, Probe  
  131  9:39  Probe  
  131  9:42  Protoss Ground Armor Level 1  
  114  9:47  Probe  
  105  9:54  Gateway  
  105  9:55  Gateway, Probe  
  105  9:57  Photon Cannon  
  106  10:01  Photon Cannon, Probe x3  
  106  10:02  Photon Cannon  
  106  10:05  Stalker, Probe  
  106  10:06  Stalker x5  
  106  10:07  Photon Cannon, Stalker  
  121  10:11  Photon Cannon  
  121  10:12  Photon Cannon  
  121  10:13  Assimilator, Probe x2  
  126  10:17  Nexus, Probe  
  126  10:19  Assimilator  
  126  10:21  Forge, Pylon  
  127  10:24  Pylon  
  127  10:26  Stalker x3  
  130  10:29  Probe  
  130  10:34  Stalker  
  130  10:35  Stalker x3  
  121  10:44  Stalker x3  
  122  10:54  Protoss Ground Weapons Level 2  
  118  10:57  Stalker x2  
  118  10:58  Stalker x4  
  129  11:09  Stalker x2  
  129  11:10  Stalker x2  
  137  11:13  Probe  
  137  11:14  Probe  
  137  11:15  Observer  
  137  11:16  Probe  
  141  11:23  Pylon  
  141  11:24  Pylon  
  141  11:25  Probe  
  141  11:26  Pylon, Probe  
  142  11:36  Forge, Pylon  
  142  11:37  Probe  
  142  11:39  Probe  
  144  11:42  Pylon  
  144  11:44  Pylon  
  144  11:45  Stalker x3  
  144  11:46  Stalker  
  150  11:51  Probe  
  151  12:00  Pylon  
  151  12:03  Gateway x2  
  151  12:04  Probe  
  151  12:05  Gateway, Protoss Ground Armor Level 2  
  151  12:07  Pylon  
  148  12:09  Pylon  
  137  12:17  Probe  
  138  12:23  Photon Cannon  
  138  12:25  Photon Cannon  
  138  12:27  Photon Cannon  
  138  12:29  Probe  
  139  12:30  Assimilator, Photon Cannon  
  139  12:35  Assimilator, Photon Cannon  
  137  12:37  Protoss Shields Level 1  
  137  12:40  Probe  
  137  12:41  Probe  
  137  12:42  Stalker x4  
  137  12:43  Stalker  
  149  12:52  Probe  
  149  12:53  Probe  
  133  13:14  Stalker x2  
  133  13:15  Stalker x6  
  133  13:16  Stalker x4  
  133  13:17  Stalker x3  
  163  13:23  Probe  
  162  13:32  Protoss Ground Weapons Level 3  
  160  13:35  Probe  
  155  13:44  Stalker x4  
  155  13:45  Stalker x3  
  155  13:48  Probe  
  170  14:07  Probe  
  170  14:09  Stalker x3  
  175  14:10  Stalker x4  
  175  14:11  Stalker x6  
  175  14:16  Protoss Ground Armor Level 3  
  195  14:19  Probe  
  195  14:20  Protoss Shields Level 2  
  196  14:28  Probe  
  196  14:31  Probe  
  197  14:36  Probe  
  198  14:43  Probe  
  200  14:59  Nexus  
  200  15:03  Pylon  
  200  15:06  Pylon  
  134  15:55  Probe  
  131  15:57  Stalker x4  
  131  15:58  Observer, Stalker x5  
  131  15:59  Stalker x5  
  131  16:00  Stalker  
  143  16:25  Stalker x2  
  143  16:26  Stalker  
  143  16:27  Stalker x3  
  143  16:28  Stalker x6  
  143  16:29  Stalker x3  
  160  17:04  Cybernetics Core  
  108  17:29  Photon Cannon  
  108  17:30  Photon Cannon  
  108  17:32  Photon Cannon  
  108  17:34  Photon Cannon  
  108  17:36  Photon Cannon  
  108  17:42  Stalker x5  
  108  17:43  Stalker x3  
  108  17:44  Stalker x5  
  133  18:03  Photon Cannon  
  133  18:04  Photon Cannon  
  133  18:06  Photon Cannon  
  133  18:08  Photon Cannon  
  133  18:10  Pylon, Probe  
  133  18:12  Stalker x5  
  142  18:13  Stalker x3  
  142  18:14  Stalker x3  
  142  18:15  Stalker  
  142  18:18  Shield Battery  
  146  18:29  Stalker  
  120  18:39  Stalker x3  
  120  18:40  Stalker x4  
  120  18:41  Stalker x5  
  128  18:58  Gateway  
  128  19:02  Assimilator  
  128  19:05  Gateway  
  128  19:06  Gateway  
  128  19:07  Assimilator  
  128  19:09  Pylon, Gateway, Stalker x4  
  136  19:10  Stalker x4  
  136  19:11  Stalker x2  
  136  19:12  Stalker x3  
Tags
 
Add a new tag
Caveats
  • Supply blocks, unpowered buildings, or Contaminate may cause inaccurate times.
  • Supply counts are checked every 10 seconds.